 Dungeon Crawl Stone Soup version 0.24-a0-639-gb70a11d (webtiles) character file.

Game seed: 3134266865751388471, levelgen mode: deterministic

12247 Atlas the Thaumaturge (level 11, -12/80 HPs)
             Began as a Mummy Necromancer on Sept 21, 2019.
             Was an Elder of Kikubaaqudgha.
             Mangled by Snorg (19 damage)
             ... on level 11 of the Dungeon.
             The game lasted 00:20:19 (12730 turns).

Atlas the Thaumaturge (Mummy Necromancer)          Turns: 12730, Time: 00:20:20

Health: -12/80     AC:  8    Str: 11    XL:     11   Next: 59%
Magic:  19/25      EV: 13    Int: 17    God:    Kikubaaqudgha [****..]
Gold:   253        SH:  8    Dex: 14    Spells: 17/31 levels left

rFire    . . .     SeeInvis .   x - +4 trident (flame)
rCold    + . .     Gourm    .   u - +0 buckler
rNeg     + + +     Faith    .   w - +0 troll leather armour
rPois    ∞         Spirit   .   l - +0 helmet
rElec    .         Reflect  +   (no cloak)
rCorr    .         Harm     .   (no gloves)
MR       +....                  (no boots)
Stlth    ++........             e - +4 amulet of reflection
HPRegen  0.63/turn              o - +2 ring of protection
MPRegen  0.19/turn              r - ring of protection from fire

@: no status effects
A: no food or potions, fire vulnerability, cold resistance 1, negative energy
resistance 3, torment resistance, unbreathing
a: Receive Corpses, Renounce Religion


You were on level 11 of the Dungeon.
You worshipped Kikubaaqudgha.
Kikubaaqudgha was greatly pleased with you.
You were not hungry.

You visited 1 branch of the dungeon, and saw 11 of its levels.

You collected 603 gold pieces.
You spent 350 gold pieces at shops.

Inventory:

Hand Weapons
 b - a +2 spear of venom
 s - the +2 spear of the Unliving {freeze, rElec Str+8 Dex-5 SInv}
   (You found it on level 11 of the Dungeon)

   It has been specially enchanted to freeze those struck by it, causing extra
   injury to most foes and up to half again as much damage against particularly
   susceptible opponents.
   It can also slow down cold-blooded creatures.
   It affects your strength (+8).
   It affects your dexterity (-5).
   It insulates you from electricity.
   It lets you see invisible.
 x - a +4 trident of flaming (weapon)
Armour
 i - a +0 leather armour
 l - a +0 helmet (worn)
 m - a +0 ring mail
 u - a +0 buckler (worn)
 w - a +0 troll leather armour (worn)
Jewellery
 e - a +4 amulet of reflection (around neck)
 o - a +2 ring of protection (left hand)
 p - an uncursed ring of flight
 r - a ring of protection from fire (right hand)
Wands
 n - a wand of iceblast (10)
 q - a wand of random effects (42)
Scrolls
 a - 2 scrolls of fear
 c - 2 scrolls of fog
 d - 5 scrolls of magic mapping
 f - a scroll of identify
 g - 2 scrolls of enchant armour
 h - 3 scrolls of teleportation
 j - 7 scrolls of remove curse
 k - a scroll of immolation
 t - a scroll of noise
 v - a scroll of blinking


   Skills:
 + Level 5.2 Fighting
 + Level 7.2 Polearms
 + Level 5.3 Armour
 + Level 4.7 Dodging
 + Level 3.6 Stealth
 + Level 1.3 Shields
 + Level 10.9 Spellcasting
 + Level 9.7 Necromancy


You had 17 spell levels left.
You knew the following spells:

 Your Spells              Type           Power        Failure   Level  Hunger
a - Pain                  Necr           ####         1%          1    N/A
b - Dispel Undead         Necr           #####...     7%          5    N/A
c - Vampiric Draining     Necr           #####.....   1%          3    N/A
d - Borgnjor's Vile Clut  Necr/Erth      ####......   45%         5    N/A

Your spell library contained the following spells:

 Spells                   Type           Power        Failure   Level  Hunger
 Animate Skeleton         Necr           N/A          1%          1    N/A
 Corpse Rot               Necr           N/A          1%          2    N/A
 Animate Dead             Necr           N/A          2%          4    N/A
 Agony                    Necr           #####...     7%          5    N/A
 Corona                   Hex            #......      14%         1    N/A
 Summon Small Mammal      Summ           #...         14%         1    N/A
 Call Imp                 Summ           #.......     22%         2    N/A
 Ensorcelled Hibernation  Hex/Ice        #.....       22%         2    N/A
 Death Channel            Necr           #####.....   36%         6    N/A
 Call Canine Familiar     Summ           #.......     38%         3    N/A
 Confuse                  Hex            #.......     38%         3    N/A
 Dazzling Spray           Conj/Hex       #.....       38%         3    N/A
 Summon Guardian Golem    Hex/Summ       #.......     38%         3    N/A
 Tukima's Dance           Hex            #.......     38%         3    N/A
 Cause Fear               Hex            #.........   80%         4    N/A
 Summon Ice Beast         Ice/Summ       #.......     80%         4    N/A
 Summon Lightning Spire   Summ/Air       #.......     80%         4    N/A
 Silence                  Hex/Air        #.........   98%         5    N/A
 Yara's Violent Unravell  Hex/Tmut       #.........   98%         5    N/A
 Deflect Missiles         Chrm/Air       #.........   100%        6    N/A
 Discord                  Hex            #.........   100%        8    N/A
 Regeneration             Chrm/Necr      Unusable     N/A         3    N/A

Dungeon Overview and Level Annotations

Branches:
Dungeon (11/15)            Temple (0/1) D:5            Lair (0/6) D:10
    Orc (0/2) D:9

Altars:
Elyvilon
Fedhas
Gozag
Hepliaklqana
Kikubaaqudgha
Makhleb
Okawaru
Ru

Shops:
D:6 =   D:7 *   D:11 *

Annotations:
D:10 1 runed translucent door
D:11 Snorg


Innate Abilities, Weirdness & Mutations

You do not eat or drink.
Your flesh is vulnerable to fire.
You are immune to poison.
Your flesh is cold resistant. (rC+)
You are immune to negative energy. (rN+++)
You are immune to unholy pain and torment.
You can survive without breathing.


Message History

Confirm with . or Enter, or press ? or * to list all spells.
Aiming: Vampiric Draining (safe; 1% risk of failure)
Press: ? - help, Shift-Dir - straight line, f/p - Snorg
Aim: Snorg (almost dead, berserk, fast, unusually strong) Snorg is almost dead.
You feel life coursing into your body. Snorg bites you!
Snorg claws you but does no damage. Snorg claws you. Snorg bites you!
Snorg claws you!
* * * LOW HITPOINT WARNING * * *
Snorg claws you!
* * * LOW HITPOINT WARNING * * *
Casting: Vampiric Draining (safe; 1% risk of failure)
Confirm with . or Enter, or press ? or * to list all spells.
Aiming: Vampiric Draining (safe; 1% risk of failure)
Press: ? - help, Shift-Dir - straight line, f/p - Snorg
Aim: Snorg (almost dead, berserk, fast, unusually strong) Snorg is almost dead.
You feel life coursing into your body. Snorg bites you!!
You die...
Kikubaaqudgha rasps: "You have failed me!
Welcome... oblivion!"

#.# ##.###.###. ##.##
#.# #.# #. #...####
#.# #.#### #....).#
##'###..... #...##.#
##...####### ######)#
##.....## ##..#
##.......## #
##...####.........####
#....@..'.........'...
##..T####.........####
#........#.......## #
#.##.###.##.....## #
#. #. ##...## #. #.
##'## .. #. #.# #. #.
#.# .. .#


You could see Snorg (berserk).

Vanquished Creatures
  Harold (D:7)
  Erica (D:11)
  2 two-headed ogres
  Pikel (D:4)
  2 manticores (D:11)
  A komodo dragon (D:10)
  A troll (D:10)
  Grinder (D:3)
  2 hippogriffs
  A wraith (D:10)
  6 yaks (D:9)
  3 wyverns (D:8)
  2 hungry ghosts (D:7)
  A water moccasin (D:6)
  A porcupine (D:10)
  3 orc warriors
  2 ice beasts
  3 sky beasts
  7 ogres
  2 black bears
  2 phantoms
  4 centaurs
  Blork the orc (D:4)
  A crocodile (D:10)
  A big kobold (D:8)
  8 bullfrogs
  A gnoll sergeant (D:9)
  4 scorpions
  4 killer bees (D:11)
  7 wights
  7 howler monkeys
  5 crimson imps
  2 bullfrog zombies
  A quasit (D:7)
  2 centaur zombies
  6 jellies
  5 hounds
  A bullfrog skeleton (D:7)
  5 orc priests
  11 orc wizards
  2 centaur skeletons (D:11)
  Ijyb (D:5)
  An iguana (D:8)
  4 worker ants
  A hound skeleton (D:5)
  A worker ant zombie (D:10)
  4 gnolls (D:9)
  A howler monkey skeleton (D:7)
  11 adders
  3 shadow imps
  6 oozes
  2 adder skeletons
  A worm (D:2)
  2 dart slugs
  9 leopard geckos
  34 orcs
  5 giant cockroaches
  8 goblins
  13 hobgoblins
  7 jackals
  5 kobolds
  4 quokkas
  A ball python (D:3)
  3 bats
  4 frilled lizards
  A jackal skeleton (D:5)
  2 quokka skeletons (D:4)
  3 rats
260 creatures vanquished.

Vanquished Creatures (others)
  A slave (D:4)
  A human (D:2)
  A bullfrog skeleton (D:4)
  Robin (D:4)
  9 goblins (D:4)
  A hobgoblin (D:4)
14 creatures vanquished.

Grand Total: 274 creatures vanquished

Notes
Turn   | Place    | Note
-------+----------+-------------------------------------------
     0 | D:1      | Atlas the Mummy Necromancer began the quest for the Orb.
     0 | D:1      | Reached XP level 1. HP: 13/13 MP: 4/4
   244 | D:1      | Reached XP level 2. HP: 19/19 MP: 0/5
   514 | D:1      | Reached skill level 3 in Spellcasting
  1192 | D:2      | Reached XP level 3. HP: 24/24 MP: 4/7
  1197 | D:2      | Learned a level 3 spell: Vampiric Draining
  1259 | D:2      | Found an ancient bone altar of Kikubaaqudgha.
  1259 | D:2      | Noticed a human
  1263 | D:2      | Became a worshipper of Kikubaaqudgha
  1264 | D:2      | Killed a human
  1271 | D:2      | Found an iron altar of Okawaru.
  1272 | D:2      | Found a blossoming altar of Fedhas.
  1488 | D:2      | Reached skill level 1 in Polearms
  1624 | D:3      | Reached XP level 4. HP: 23/30 MP: 4/9
  1715 | D:3      | Noticed Grinder
  2068 | D:3      | Paralysed by Grinder for 5 turns
  2079 | D:3      | Killed Grinder
  2079 | D:3      | Reached skill level 4 in Spellcasting
  2079 | D:3      | Reached skill level 5 in Necromancy
  2079 | D:3      | Reached XP level 5. HP: 31/36 MP: 10/12
  2079 | D:3      | Reached XP level 6. HP: 36/42 MP: 10/13
  2144 | D:3      | Reached * piety under Kikubaaqudgha
  2144 | D:3      | Identified Kikubaaqudgha's Papyrus of Stolen Souls
                  | (Kikubaaqudgha gifted it to you on level 3 of the Dungeon)
  2144 | D:3      | Received a gift from Kikubaaqudgha
  2222 | D:3      | Reached skill level 1 in Armour
  2229 | D:3      | Reached skill level 1 in Fighting
  2229 | D:3      | Reached skill level 5 in Spellcasting
  2656 | D:3      | You fall into a shaft and drop 2 floors!
  2656 | D:5      | Entered Level 5 of the Dungeon
  3080 | D:4      | Reached XP level 7. HP: 43/48 MP: 15/15
  3187 | D:4      | Noticed Pikel
  3200 | D:4      | Killed Pikel
  3200 | D:4      | Reached skill level 6 in Spellcasting
  3380 | D:4      | Killed Robin
  3877 | D:4      | Noticed Blork the orc
  4118 | D:4      | Killed Blork the orc
  4118 | D:4      | Reached XP level 8. HP: 54/56 MP: 12/17
  4327 | D:5      | Found an opulent altar of Gozag.
  4329 | D:5      | Found an ancient bone altar of Kikubaaqudgha.
  4329 | D:5      | Found a sacrificial altar of Ru.
  4437 | D:5      | Found a burning altar of Makhleb.
  4517 | D:5      | Found a staircase to the Ecumenical Temple.
  4518 | D:5      | Noticed Ijyb
  4549 | D:5      | Killed Ijyb
  5411 | D:6      | Found Lasaahur's Jewellery Emporium.
  5444 | D:6      | Reached skill level 7 in Spellcasting
  5480 | D:6      | Reached ** piety under Kikubaaqudgha
  5856 | D:7      | Reached XP level 9. HP: 50/62 MP: 15/19
  6077 | D:7      | Noticed Harold
  6089 | D:7      | Killed Harold
  6089 | D:7      | Reached skill level 5 in Polearms
  6208 | D:7      | Found Qoosyrr's Assorted Antiques.
  6646 | D:7      | Found an iron altar of Okawaru.
  6800 | D:7      | Reached skill level 8 in Spellcasting
  7531 | D:6      | Bought an uncursed ring of protection from fire for 350
                  | gold pieces
  7580 | D:8      | Noticed a two-headed ogre
  7594 | D:8      | Killed a two-headed ogre
  7594 | D:8      | Reached XP level 10. HP: 51/71 MP: 7/22
  7738 | D:8      | Reached *** piety under Kikubaaqudgha
  7738 | D:8      | Identified Kikubaaqudgha's Collected Works on Stolen Souls
                  | (Kikubaaqudgha gifted it to you on level 8 of the Dungeon)
  7738 | D:8      | Received a gift from Kikubaaqudgha
  7811 | D:8      | Reached skill level 9 in Spellcasting
  7886 | D:8      | Learned a level 5 spell: Dispel Undead
  7892 | D:8      | Learned a level 5 spell: Borgnjor's Vile Clutch
  8864 | D:9      | Found a staircase to the Orcish Mines.
  9410 | D:9      | Reached skill level 5 in Armour
 10060 | D:9      | Reached skill level 10 in Spellcasting
 10164 | D:10     | Entered Level 10 of the Dungeon
 10179 | D:10     | Reached **** piety under Kikubaaqudgha
 10537 | D:10     | Found a staircase to the Lair.
 10546 | D:10     | Reached XP level 11. HP: 69/78 MP: 12/25
 11078 | D:10     | Found a white marble altar of Elyvilon.
 11078 | D:10     | Found a runed translucent door.
 11078 | D:10     | Noticed an angel
 11378 | D:11     | Noticed a two-headed ogre
 11538 | D:11     | Reached skill level 1 in Shields
 11617 | D:11     | Found a sacrificial altar of Ru.
 11716 | D:11     | Noticed Snorg
 11869 | D:11     | Noticed Erica
 11885 | D:11     | Killed Erica
 11978 | D:11     | Found Wisa's General Store.
 12108 | D:11     | Found a hazy altar of Hepliaklqana.
 12159 | D:11     | Reached skill level 5 in Fighting
 12246 | D:11     | Killed a two-headed ogre
 12523 | D:11     | Got a jewelled spear
 12524 | D:11     | Identified the cursed +2 spear of the Unliving {freeze,
                  | rElec Str+8 Dex-5 SInv} (You found it on level 11 of the
                  | Dungeon)
 12729 | D:11     | HP: 4/80 [Snorg (14)]
 12730 | D:11     | Mangled by Snorg

Levels and vault maps discovered:
D:1:      lightli_arrival_chessboard, layout_rooms, bh_walls_and_bars
D:2:      layout_rooms, chequers_temple_overflow_statue_of_worship,
          tgw_kikubaaqudgha
D:3:      layout_basic, first_ration, supply_closet_lemuel, uniq_grinder
D:4:      layout_loops_corners, uniq_blork_the_orc, uniq_robin, uniq_pikel
D:5:      layout_basic, grunt_temple_overflow_open,
          minmay_temple_entry_mini_moons, uniq_ijyb
D:6:      layout_basic, serial_shops, nicolae_shop_waterfront
D:7:      layout_basic, serial_shops, shop, okawaru_altar_gauntlet_db,
          uniq_harold
D:8:      layout_loops_ring, hangedman_little_slice_of_home
D:9:      layout_basic, orc_0_dummy, st_stairs_8
D:10:     layout_irregular_city, grunt_lair_entry_orc_guard_hut,
          lemuel_angel_altar
D:11:     layout_loops_corners, basic_altar, serial_shops,
          nicolae_shop_competitors_out_of_business, hangedman_ru_absence,
          uniq_snorg, uniq_erica

Skill      XL: |  1  2  3  4  5  6  7  8  9 10 11 |
---------------+----------------------------------+-----
Spellcasting   | 3 4 5 6 7 8 10 | 10.9
Polearms       | 1 2 4 5 6 7 |  7.2
Necromancy     | 5 6 7 9 |  9.7
Armour         | 1 2 3 4 5 |  5.3
Fighting       | 1 2 3 4 5 |  5.2
Stealth        | 2 3 |  3.6
Dodging        | 2 3 4 |  4.7
Shields        | 1 |  1.3

Action                   |  1- 3 |  4- 6 |  7- 9 | 10-12 || total
-------------------------+-------+-------+-------+-------++-------
Melee: Spear             |    31 |    70 |   418 |   387 ||   906
       Trident           |       |       |       |   161 ||   161
 Cast: Pain              |    50 |    18 |    45 |   107 ||   220
       Vampiric Draining |     1 |     5 |    19 |    70 ||    95
Evoke: Wand              |       |       |       |     4 ||     4
  Use: Scroll            |       |     7 |     5 |     8 ||    20
 Stab: Sleeping          |     1 |     2 |     3 |     4 ||    10
       Distracted        |       |       |     1 |     2 ||     3
Armor: Robe              |     2 |       |       |       ||     2
       Leather armour    |    11 |    10 |       |       ||    21
       Ring mail         |       |       |   155 |    78 ||   233
       Troll leather arm |       |       |       |    43 ||    43
Dodge: Dodged            |    29 |    35 |   220 |   265 ||   549
Block: Other             |       |     7 |    53 |    43 ||   103
       Reflection        |       |     2 |     3 |     2 ||     7
       Buckler           |       |       |       |   114 ||   114

Table legend:
 A = Non-vault XP
 B = Vault XP
 C = Vault XP percentage of total XP
 D = Non-vault monster count
 E = Vault monster count
 F = Vault count percentage of total count
                 A         B        C        D         E       F
            +---------+---------+-------+---------+---------+-------
      Total |   13871 |    3625 |  20.7 |     231 |      29 |  11.2
            +---------+---------+-------+---------+---------+-------
        D:1 |      27 |       0 |   0.0 |      11 |       0 |   0.0
        D:2 |      59 |       0 |   0.0 |      17 |       0 |   0.0
        D:3 |     134 |     267 |  66.6 |      21 |       1 |   4.5
        D:4 |     272 |     674 |  71.2 |      15 |       4 |  21.1
        D:5 |     420 |      36 |   7.9 |      15 |       1 |   6.2
        D:6 |     826 |       0 |   0.0 |      17 |       0 |   0.0
        D:7 |    1045 |     955 |  47.8 |      20 |       7 |  25.9
        D:8 |    2815 |     163 |   5.5 |      37 |       8 |  17.8
        D:9 |    2353 |      13 |   0.5 |      23 |       1 |   4.2
       D:10 |    1477 |     610 |  29.2 |      18 |       6 |  25.0
       D:11 |    4443 |     907 |  17.0 |      37 |       1 |   2.6
            +---------+---------+-------+---------+---------+-------
